 Dungeon Crawl Stone Soup version 0.18.1-50-g88ac8fd (webtiles) character file.

912 Gianozzolo the Changer (level 7, -19/52 HPs)
             Began as a Grey Draconian Transmuter on Nov 30, 2017.
             Demolished by an orc warrior
             ... wielding a +0 halberd
              (21 damage)
             ... on level 5 of the Dungeon.
             The game lasted 00:08:33 (4332 turns).

Gianozzolo the Changer (Grey Draconian Transmuter)  Turns: 4332, Time: 00:08:34

Health: -19/52     AC:  2    Str: 13    XL:     7   Next: 82%
Magic:  8/10       EV: 20    Int: 15    God:
Gold:   211        SH:  0    Dex: 21    Spells: 3 memorised, 1 level left

rFire  . . .     SeeInvis .       - Unarmed
rCold  . . .     Gourm    .     (armour unavailable)
rNeg   . . .     Faith    .     (shield currently unavailable)
rPois  x         Spirit   .     (helmet currently unavailable)
rElec  .         Dismiss  .     (cloak currently unavailable)
rCorr  .         Reflect  .     (gloves currently unavailable)
SustAt .         Harm     .     (boots currently unavailable)
MR     +....                    (no amulet)
Stlth  ++........               t - ring of protection from magic
                                i - +5 ring of dexterity

@: spider-form (expiring), somewhat resistant to hostile enchantments,
unstealthy
A: (walk through water), unfitting armour, (unbreathing), (cold-blooded), AC +11
a: End Transformation


You were on level 5 of the Dungeon.
You were not hungry.
You were a venomous arachnid creature.
You visited 1 branch of the dungeon, and saw 5 of its levels.

You collected 211 gold pieces.

Inventory:

Jewellery
 i - a +5 ring of dexterity (left front leg)
 t - a ring of protection from magic (right front leg)
Scrolls
 e - a scroll of recharging {unknown}
 h - a scroll of teleportation
 j - a scroll of blinking {unknown}
 k - a scroll of noise {unknown}
 l - a scroll of remove curse
 n - 2 scrolls of enchant armour
 u - a scroll of fog {unknown}
Potions
 m - a potion of curing
 r - a potion of lignification
Books
 b - a book of Changes

   Spells                             Type                      Level
   a - Beastly Appendage              Transmutation                1
   b - Sticks to Snakes               Transmutation                2
   c - Spider Form                    Transmutation/Poison         3
   d - Ice Form                       Ice/Transmutation            4
   e - Blade Hands                    Transmutation                5
Comestibles
 a - a beef jerky
 c - 2 bread rations
 d - 2 chunks of flesh
 q - a meat ration


   Skills:
 - Level 1.1 Fighting
 - Level 1.7 Dodging
 + Level 6.1 Unarmed Combat
 - Level 2.0 Spellcasting
 + Level 7.1 Transmutations
 - Level 1.6 Poison Magic


You had one spell level left.
You knew the following spells:

 Your Spells              Type           Power        Failure   Level  Hunger
a - Beastly Appendage     Trmt           ###...       6%          1    #......
b - Spider Form           Trmt/Pois      ##........   32%         3    ###....
c - Blade Hands           Trmt           ###.......   56%         5    ######.


Dungeon Overview and Level Annotations

Branches:
Dungeon (5/15)             Temple (0/1) D:5

Altars:
Ashenzari
Gozag
Yredelemnul


Innate Abilities, Weirdness & Mutations

((You can walk through water.))
((Your dull iron-grey scales are very hard (AC +11).))
Your body does not fit into most forms of armour.
((You can survive without breathing.))
((You are cold-blooded and may be slowed by cold attacks.))


Message History

The orc warrior hits you with a halberd!
You bite the orc warrior!
The orc warrior is poisoned.
The orc warrior is moderately wounded.
The orc warrior closely misses you.
You hit the orc warrior but do no damage.
The orc warrior is moderately wounded.
You hit the orc warrior.
The orc warrior looks even sicker.
The orc warrior is moderately wounded.
The orc warrior closely misses you.
You hit the orc warrior but do no damage.
The orc warrior is moderately wounded.
Your transformation is almost over.
The orc warrior hits you with a halberd!!
* * * LOW HITPOINT WARNING * * *
Drink which item? (? for menu, Esc to quit)
Okay, then.
You closely miss the orc warrior.
The orc warrior is moderately wounded.
The orc warrior hits you with a halberd!!
You die...

###+### #. #.....# #.
#.#+#.###### #. #
+.#>#.'....###. #.####
#.###.####.)... #..<.#
#..oo(# ####.. ####.#
######'### ###.o.# #.###
##().##..# #<){### #...###
#.s#####.####.### # ###...#
#o## #...#..# # ## ###.# #.#
###...## ### .#### #.# ##.#
##..## #.. ....#### #.# #..#
....# #.# ###....#
#.###.###.##.##..# #o#
####.###..##........ ...###
#.# ###
#..###..#.###.....##...###.#
..#####...##.#...## #8#
#.#.##$.#


You could see an orc warrior.

Vanquished Creatures
  2 phantoms (D:4)
  A sky beast (D:5)
  A scorpion (D:4)
  A hound (D:4)
  A centaur skeleton (D:4)
  An orc priest (D:5)
  6 orc wizards
  An iguana (D:5)
  Natasha (twice) (D:2)
  2 worker ants (D:4)
  3 gnolls (D:3)
  8 adders
  2 oozes
  4 worms
  A dart slug (D:3)
  6 giant geckos
  13 orcs
  7 bats
  5 giant cockroaches
  7 goblins
  8 hobgoblins
  2 jackals (D:4)
  6 kobolds
  3 quokkas
  8 ball pythons
  A giant gecko skeleton (D:5)
  4 giant newts
  4 rats
110 creatures vanquished.

Notes
Turn   | Place    | Note
--------------------------------------------------------------
     0 | D:1      | Gianozzolo the Draconian Transmuter began the quest for the Orb.
     0 | D:1      | Reached XP level 1. HP: 16/16 MP: 3/3
    80 | D:1      | Reached XP level 2. HP: 17/23 MP: 3/5
   694 | D:2      | Reached XP level 3. HP: 23/28 MP: 4/6
   729 | D:2      | Found a shattered altar of Ashenzari.
   729 | D:2      | Found an opulent altar of Gozag.
   769 | D:2      | Reached skill level 3 in Transmutations
   783 | D:2      | Learned a level 3 spell: Spider Form
  1049 | D:2      | Noticed Natasha
  1098 | D:2      | Killed Natasha
  1098 | D:2      | Reached XP level 4. HP: 35/35 MP: 3/7
  1121 | D:2      | Reached skill level 1 in Poison Magic
  1383 | D:2      | Noticed Natasha
  1399 | D:2      | Killed Natasha
  1399 | D:2      | Reached skill level 4 in Transmutations
  1702 | D:3      | Reached XP level 5. HP: 40/40 MP: 4/8
  2326 | D:3      | Reached XP level 6. HP: 42/47 MP: 6/9
  2684 | D:3      | Reached skill level 5 in Transmutations
  2843 | D:3      | Learned a level 5 spell: Blade Hands
  2947 | D:4      | Reached skill level 5 in Unarmed Combat
  3150 | D:4      | Reached skill level 6 in Transmutations
  3150 | D:4      | Your scales start taking on a dull iron-grey colour.
  3150 | D:4      | Reached XP level 7. HP: 47/52 MP: 8/10
  3150 | D:4      | Gained mutation: You can survive without breathing. [Grey Draconian growth]
  3642 | D:4      | Found a basalt altar of Yredelemnul.
  3886 | D:5      | Entered Level 5 of the Dungeon
  3917 | D:5      | Reached skill level 7 in Transmutations
  3926 | D:5      | Found a staircase to the Ecumenical Temple.
  4331 | D:5      | HP: 2/52 [orc warrior/halberd (18)]
  4332 | D:5      | Demolished by an orc warrior

Skill      XL: |  1  2  3  4  5  6  7 |
---------------+----------------------+-----
Transmutations | 3 4 6 7 |  7.1
Poison Magic   | 1 |  1.6
Unarmed Combat | 4 5 6 |  6.1
Fighting       | |  1.1
Dodging        | |  1.7
Spellcasting   | |  2.0

Action                   |  1- 3 |  4- 6 |  7- 9 || total
-------------------------+-------+-------+-------++-------
Melee: Unarmed           |    87 |   187 |   100 ||   374
       Kick              |    17 |     2 |    10 ||    29
       Tailslap          |    10 |     4 |     3 ||    17
       Punch             |     1 |     1 |     1 ||     3
 Cast: Beastly Appendage |    12 |     2 |     5 ||    19
       Spider Form       |     3 |    20 |     9 ||    32
  Use: Scroll            |       |       |     6 ||     6
       Potion            |       |       |     2 ||     2
 Stab: Sleeping          |       |     4 |       ||     4
  Eat: Chunk             |     1 |    10 |     4 ||    15
       Pizza             |       |       |     1 ||     1
Armor: Skin              |    17 |    20 |     9 ||    46
Dodge: Dodged            |    44 |   125 |    63 ||   232
